← All builds
Geo / Armada / Economy first / OBSERVED BUILD

Banshee gunships

Geo builds an early Aircraft Plant and commits to Banshee gunships from 5:10, paired with a Stork transport drop, fighting mostly in the middle instead of bringing the usual T2 land units to front.

#air #drop · 19 distinct matches · 5 players · 1% of Armada Geo games · team won 47% of 19 · Recently observed

THE CATCH, AND WHAT COMES WITH IT
  • BansheeT1 air gunships from 5:10 · 1% of role by thenFrom the Aircraft Plant. Only 1% of Geo games have it by then; others who build it get it around 7:02
  • Aircraft PlantAircraft Plant in 100%3% of all Geo games by then
  • StorkLight transport in 89%4% of all Geo games by then
  • BansheeBanshee in 63%1% of all Geo games by then
  • FalconFighter in 58%4% of all Geo games by then

Where those units first fight, in 19 games with kill data: in the middle 68%, on their own side 32%.

Those units destroy a typical 1,232 metal of enemy units by 15:00.

Then transitions into blitz (13% of army).

HOW TO PLAY IT

Key timing: Aircraft Plant by 4:31

  1. Open standard mex and wind, but drop a Bot Lab immediately.
  2. Build Aircraft Plant right after geo instead of rushing T2 con.
  3. Get a light transport (Stork) from air to move gunships fast.
  4. Commit to Banshee gunships and harass with fighter support from Falcon.
  5. Transition into Vehicle Plant and normal T2 Starlight push to front.

Phase by phase

TYPICAL OF ITS 19 GAMES · AGAINST STANDARD GEO
  1. 1
  2. 2
  3. 3
  4. 4
PLAY THE OPENING

Follow the example game's first 6:11 step by step: what to build now, what comes next, and where it goes. At 1× it keeps pace with your own game.

  1. 1

    Up to the Bot Lab

    Economy
    • Metal Extractor2Mex
    • Wind Turbine4Wind+2 vs standard
    Order
    1. Bot LabBot Lab after 2 mex, 4 winddone ~0:59, middle half 0:57–1:11

    By 0:41 in all: 2 mex · 4 wind (standard 2)

    The example game in this phase · 3 steps
    1. Mex ×2
    2. Wind ×4
    3. Bot LabBot Labdone 0:59 · typical 0:59
  2. 2

    Bot Lab to T1 air gunships

    Economy
    • Metal Extractor2Mex
    • Wind Turbine4Wind
    • Energy Converter9Converter
    • Energy Storage1Energy storage
    Order
    1. Geothermal PowerplantGeo after 4 mex, 6 wind, 1 energy storage
    2. Aircraft PlantAircraft Plant after 4 mex, 7 wind, 9 converter
    3. BansheeT1 air gunships after 4 mex, 7 wind, 9 converter
    Builders
    • Construction Turret4 Con turret −2 vs standard
    • Lazarus4 Lazarus
    • Construction Bot1 Con bot
    • Construction Bot1 Con bot for allies
    • Lazarus1 Lazarus for allies

    Some games also: tick (32%)

    By 5:10 in all: 4 mex · 7 wind · 1 geo · 9 converter · 1 energy storage · 4 con turret (standard 6)

    The example game in this phase · 16 steps
    1. Wind
    2. LazarusLazarus
    3. Wind
    4. Construction BotCon bot
    5. Wind
    6. Construction BotCon botfor Front
    7. Wind
    8. Mex
    9. Construction BotCon botfor Beach sea
    10. Aircraft PlantAircraft Plantdone 2:20 · typical 4:39
    11. LazarusLazarus
    12. Mex
    13. OspreyHeavy transport
    14. Con turret ×2
    15. StormbringerBomber
    16. BansheeBansheedone 4:07
  3. 3

    T1 air gunships to Vehicle Plant

    Economy
    • Wind Turbine7Wind+2 vs standard
    Order
    1. Vehicle PlantVehicle Plant after 18 wind, 11 converter, 7 con turretdone ~8:47, middle half 8:16–9:40
    Builders
    • Construction Turret2 Con turret
    Army
    • Banshee11 Banshee +11 vs standard
    • Stork1 Light transport

    Some games also: converter (42%) · fighter (37%)

    The standard build makes here, this one skips: 5 converter

    By 8:49 in all: 4 mex · 19 wind (standard 14) · 1 geo · 10 converter (standard 14) · 1 energy storage · 7 con turret

    The example game in this phase · 21 steps
    1. BansheeBanshee ×3
    2. Wind ×2
    3. BansheeBanshee
    4. Wind ×7
    5. Geothermal PowerplantGeodone 5:53 · typical 3:14
    6. Wind ×5
    7. StorkLight transportfor Tech
    8. Converter ×3
    9. FalconFighter
    10. Converter ×7
    11. Advanced Bot LabAdvanced Bot Labdone 7:27
    12. Advanced Metal ExtractorT2 mexnot finished by 15:00 · typical 6:41
    13. GunslingerGunslingerfor Frontdone 7:45
    14. WelderWelder ×2for Front
    15. WelderWelder
    16. Bot LabBot Labdone 8:27
    17. Converter ×2
    18. LazarusLazarus ×2
    19. Converter
    20. LazarusLazarus
    21. Converter
  4. 4

    Vehicle Plant to 15:00

    Economy
    • Wind Turbine10Wind−10 vs standard
    • Energy Converter6Converter+4 vs standard
    Builders
    • Construction Turret5 Con turret +4 vs standard

    Some games also: con vehicle (47%) · con aircraft (42%) · Advanced Vehicle Plant (37%) · scout plane (37%) · metal storage (37%)

    The standard build makes here, this one skips: 5 Jaguar · 3 Starlight

    By 15:00 in all: 4 mex · 44 wind · 1 geo · 21 converter · 1 energy storage · 1 metal storage

    The example game in this phase · 38 steps
    1. LazarusLazarus
    2. Advanced Construction BotT2 con bot
    3. Converter
    4. Con turret
    5. LazarusLazarus
    6. ButlerButler ×2
    7. Advanced Geothermal PowerplantAdvanced Geothermal Powerplantdone 10:33
    8. ButlerButler ×2
    9. MauserMauserfor Front
    10. ButlerButler
    11. Advanced Metal ExtractorT2 mex
    12. Converter ×4
    13. MauserMauserfor Front
    14. Converter ×4
    15. ButlerButler
    16. Converter
    17. Metal storage
    18. ButlerButler
    19. Converter
    20. Advanced Metal ExtractorT2 mex
    21. ButlerButler ×2
    22. Advanced Construction BotT2 con bot
    23. Advanced Metal ExtractorT2 mex
    24. Advanced Construction BotT2 con bot ×2for Beach sea
    25. Advanced Metal ExtractorT2 mex
    26. Advanced Construction BotT2 con botfor Pond
    27. ButlerButler
    28. Energy storagefor Front
    29. ButlerButler
    30. Energy storagefor Front
    31. ButlerButler ×2
    32. Energy storagefor Tech
    33. Con turretfor Front
    34. Con turret
    35. FerretFerret
    36. ArchangelArchangelnot finished by 15:00
    37. Advanced Geothermal PowerplantAdvanced Geothermal Powerplant
    38. Wind ×34

Counts are medians over the build's games: half of them build more, half fewer. The example game is Kuchy's (44 OS, 23/08/2026); pick another.

Team trades

IN AT LEAST 30% OF ITS GAMES

You hand over

  • Lazarus1 Lazarus to Beach sea or Frontfirst at 2:08 · in 74% of games
  • Construction Bot1 Con bot to Beach sea or Frontfirst at 2:53 · in 89% of games

You get

  • Hercules1 Light transport from Airfirst at 5:17 · in 32% of games
  • Advanced Construction Bot1 T2 con bot from Techfirst at 5:21 · in 74% of games

How it plays out

Typical game of this build against the role’s standard build, running totals by minute

  • This build
  • Standard geo

Metal produced

020k40k
0:005:0010:0015:00

metal

Enemy metal destroyed

05k10k15k
0:005:0010:0015:00

metal

Own metal lost

02.5k5k7.5k
0:005:0010:0015:00

metal

19 games.

Show as table
ByMetal produced: This buildMetal produced: Standard geoEnemy metal destroyed: This buildEnemy metal destroyed: Standard geoOwn metal lost: This buildOwn metal lost: Standard geo
1:003333330000
2:007368250000
3:00155615230000
4:00274427000000
5:003715372600420
6:005359572900710
7:007587813084107120
8:0091551145918030156921
9:0012285144892043511745130
10:00144041740529105652161280
11:001782220377387220742452790
12:0020235233054296394027111940
13:0023191260624748596130893304
14:0026045289884748832143034785
15:00277213149763031017256806196
WHAT THE NUMBERS SAY

Won less often than the standard build and destroyed less enemy metal by 15:00 despite big early kills.

  • + Destroyed 2910 metal by 10:00 vs 624 for standard build.
  • − Lost 2161 metal by 10:00 vs only 334 for standard build.
  • − Team win rate 47% vs 53% for standard build.
THE EXAMPLE YOU ARE READING

Kuchy

44.0 OS · 23/08/2026

Open source match ↗

4 received units · includes a constructor
2205 metal received · 143053 energy received

Allied construction assistance is unknown. Timings are observations, not a promise of solo reproducibility.

Typical milestones

Bot Lab0:59Middle 50%: 0:57–1:11 · n=19
Geothermal Powerplant3:14Middle 50%: 3:00–3:25 · n=19
Aircraft Plant4:39Middle 50%: 4:21–6:05 · n=19
Advanced Metal Extractor6:41Middle 50%: 5:51–7:53 · n=16
Vehicle Plant8:47Middle 50%: 8:16–9:40 · n=11

Played most by

UsurpeR14games of this buildHandicapping_mySelf2games of this buildIMBALANCED1game of this buildKuchy1game of this buildNutzz1game of this build